 Dungeon Crawl Stone Soup version 0.28.0-53-g5a82cb258f (webtiles) character file.

Game seed: 11144432664895582816

69 safid the Skirmisher (level 4, -1/40 HPs)
             Began as a Hill Orc Fighter on Aug 21, 2022.
             Slain by an ogre
             ... wielding a +0 giant club
              (10 damage)
             ... on level 5 of the Dungeon.
             The game lasted 00:02:48 (1691 turns).

safid the Skirmisher (Hill Orc Fighter)             Turns: 1691, Time: 00:02:48

Health: -1/40      AC: 17    Str: 20    XL:     4   Next: 20%
Magic:  4/4        EV:  5    Int: 16    God:
Gold:   80         SH:  4    Dex:  7    Spells: 3/3 levels left

rFire   . . .      SeeInvis .   a - +0 war axe
rCold   . . .      Faith    .   c - +0 buckler
rNeg    . . .      Spirit   .   f - +0 plate armour
rPois   +          Reflect  .   (no helmet)
rElec   .          Harm     .   t - +3 cloak of Tulips {Int+8 Dex-3}
rCorr   .          Rampage  .   p - +0 pair of gloves
Will    .....                   (no boots)
Stlth   ..........              (no amulet)
HPRegen 0.13/turn               h - ring of poison resistance
MPRegen 0.09/turn               i - ring of flight

@: flying
A: no striking features
a: no special abilities


You were on level 5 of the Dungeon.
You visited 1 branch of the dungeon, and saw 4 of its levels.

You collected 80 gold pieces.

Inventory:

Hand Weapons
 a - a +0 war axe (weapon)
Armour
 c - a +0 buckler (worn)
 f - a +0 plate armour (worn)
 m - a +0 tower shield
 p - a +0 pair of gloves (worn)
 t - the +3 cloak of Tulips (worn) {Int+8 Dex-3}
   (You found it on level 2 of the Dungeon)

   Int:       It affects your intelligence (+8).
   Dex:       It affects your dexterity (-3).
Jewellery
 h - a ring of poison resistance (left hand)
 i - a ring of flight (right hand)
Wands
 q - a wand of digging (5)
Scrolls
 b - a scroll of immolation {unknown}
 g - a scroll of identify {unknown}
 j - a scroll of magic mapping {unknown}
 k - a scroll of fog {unknown}
 o - a scroll of teleportation {unknown}
 r - a scroll of torment {unknown}
 u - a scroll of amnesia {unknown}
Potions
 d - a potion of might
 e - 2 potions of mutation {unknown}
 l - a potion of flight {unknown}
 n - a potion of heal wounds {unknown}


   Skills:
 - Level 4.0 Fighting
 + Level 4.0 Axes
 - Level 4.0 Armour
 - Level 4.0 Shields


You had 3 spell levels left.
You didn't know any spells.
Your spell library was empty.

Dungeon Overview and Level Annotations

Branches:
Dungeon (3/15)

Altars:

Shops:
D:2 [


Message History

Unknown command.
You hit the ogre but do no damage.
The ogre is lightly wounded.
The hound bites you. The ogre hits you but does no damage.
You hit the ogre but do no damage.
The ogre is lightly wounded.
You closely miss the hound.
The ogre looks more healthy.
You block the hound's attack. The hound bites you but does no damage.
The ogre hits you with a +0 giant club.
You hit the ogre.
The ogre is lightly wounded.
You slash the howler monkey zombie! You barely miss the hound.
The hound barely misses you.
The howler monkey zombie barely misses you.
The hound bites you but does no damage. You block the ogre's attack.
The howler monkey zombie hits you.
You slash the ogre!
The ogre is heavily wounded.
You hit the hound but do no damage. You hit the howler monkey zombie.
The hound barely misses you. The hound bites you but does no damage.
You block the howler monkey zombie's attack.
The ogre hits you with a +0 giant club!!
Ouch! That really hurt!
* * * LOW HITPOINT WARNING * * *
The howler monkey zombie hits you but does no damage.
The hound bites you but does no damage.
You hit the howler monkey zombie.
The howler monkey zombie is severely damaged.
You miss the hound. You slash the ogre! You block the hound's attack.
The howler monkey zombie hits you but does no damage.
The ogre barely misses you. The hound bites you but does no damage.
Unknown command.
You hit the ogre.
The ogre is almost dead.
You hit the hound. You hit the howler monkey zombie. The hound bites you.
* * * LOW HITPOINT WARNING * * *
The howler monkey zombie hits you.
* * * LOW HITPOINT WARNING * * *
The ogre hits you with a +0 giant club!
You die...

.. .. #.# #..#
## ..##
###.##...#
#..#.......###
...((..hZ....#..
.......O@......?
.(..............
..#..........?..
. ###...........
......##.....
........ #....
##......# #..#
#......# ..#


You could see an ogre, a hound and a howler monkey zombie.

Vanquished Creatures
  3 adders (D:2)
  A worm (D:2)
  2 dart slugs
  2 bats
  4 endoplasms
  4 goblins
  6 hobgoblins
  2 kobolds
  A quokka (D:1)
  3 ball pythons
  3 frilled lizards
  2 rats
33 creatures vanquished.

Notes
Turn   | Place    | Note
-------+----------+-------------------------------------------
     0 | D:1      | safid the Hill Orc Fighter began the quest for the Orb.
     0 | D:1      | Reached XP level 1. HP: 19/19 MP: 1/1
     3 | D:1      | Found a faded altar of an unknown god.
   281 | D:1      | Reached XP level 2. HP: 27/27 MP: 2/2
   644 | D:1      | Reached XP level 3. HP: 29/33 MP: 3/3
  1099 | D:2      | Identified the +3 cloak of Tulips {Int+8 Dex-3}
  1246 | D:2      | Reached XP level 4. HP: 37/40 MP: 4/4
  1330 | D:2      | Found Meeb's Antique Armour Shoppe.
  1679 | D:3      | You are sucked into a shaft and drop 2 floors!
  1679 | D:5      | Entered Level 5 of the Dungeon
  1679 | D:5      | Noticed an ogre
  1691 | D:5      | Slain by an ogre

Illustrated notes

Levels and vault maps discovered:
D:1:      lightli_arrival_chessboard, layout_loops_corners,
          hellmonk_ecumenical_altar_pennies_from_heaven
D:2:      layout_loops_ring, serial_shops, shop
D:3:      layout_rooms, minmay_misc_feat_five, uniq_sigmund, uniq_jessica
D:5:      kennysheep_big_flooded_room, layout_cave_pools,
          kennysheep_okawaru_gauntlet, mainiacjoe_overflow_alcove_2

Skill      XL: |  1  2  3  4 |
---------------+-------------+-----
Axes           | 3 4 |  4.0
Fighting       | 4 |  4.0
Armour         | 4 |  4.0
Shields        | 4 |  4.0

Action                   |  1- 3 |  4- 6 || total
-------------------------+-------+-------++-------
Melee: War axe           |    77 |    22 ||    99
Throw: Dart              |       |     4 ||     4
Armor: Scale mail        |    11 |       ||    11
       Plate armour      |    23 |    21 ||    44
Dodge: Dodged            |    25 |     8 ||    33
Block: Buckler           |    20 |     8 ||    28
